 Dungeon Crawl Stone Soup version 0.18.1-48-g4cf74bf (webtiles) character file.

387 torvon the Skirmisher (level 6, -10/53 HPs)
             Began as a Draconian Abyssal Knight on Aug 8, 2016.
             Was a Priest of Lugonu.
             Mangled by an ogre
             ... wielding a +0 giant spiked club
              (29 damage)
             ... on level 3 of the Dungeon.
             The game lasted 00:18:22 (3528 turns).

torvon the Skirmisher (Draconian Abyssal Knight)    Turns: 3528, Time: 00:18:23

Health: -10/53     AC:  8    Str: 16    XL:     6   Next: 49%
Magic:  8/8        EV: 12    Int: 12    God:    Lugonu [***...]
Gold:   160        SH:  3    Dex: 11    Spells: 0 memorised, 5 levels left

rFire  . . .     SeeInvis .     a - +1 mace
rCold  . . .     Gourm    .     (armour unavailable)
rNeg   . . .     Faith    .     i - +0 buckler
rPois  .         Spirit   .     (helmet restricted)
rElec  .         Dismiss  .     (no cloak)
rCorr  .         Reflect  .     (no gloves)
SustAt .         Harm     .     (no boots)
MR     .....                    (no amulet)
Stlth  +.........               (no ring)
                                f - +2 ring of protection

@: not resistant to hostile enchantments, very unstealthy
A: unfitting armour, cold-blooded, AC +6
a: Depart the Abyss, Bend Space, Banish, Renounce Religion


You were on level 3 of the Dungeon.
You worshipped Lugonu.
Lugonu was most pleased with you.
You were not hungry.

You visited 1 branch of the dungeon, and saw 4 of its levels.
You visited the Abyss 1 time.

You collected 160 gold pieces.

Inventory:

Hand Weapons
 a - a +1 mace (weapon)
 s - a +0 dagger of venom
 x - a +0 falchion
Missiles
 c - 48 arrows
 r - 7 curare-tipped needles
Armour
 i - a +0 buckler (worn)
 p - a +2 ring mail of fire resistance
 w - a +0 robe
Jewellery
 f - a +2 ring of protection (left hand)
Scrolls
 d - 3 scrolls of identify
 e - 2 scrolls of enchant weapon
 g - 2 scrolls of magic mapping {unknown}
 k - a scroll of recharging {unknown}
 l - a scroll of remove curse
 m - a scroll of immolation {unknown}
Potions
 h - a potion of agility {unknown}
 j - a potion of heal wounds {unknown}
 o - a potion of curing {unknown}
 q - a potion of ambrosia {unknown}
 v - a potion of berserk rage {unknown}
Comestibles
 b - 6 bread rations
 n - a meat ration
 t - a beef jerky
 u - a slice of pizza


   Skills:
 + Level 4.6 Fighting
 * Level 4.4 Maces & Flails
 + Level 3.5 Dodging
 - Level 0.4 Stealth
 + Level 3.6 Invocations


You had 5 spell levels left.
You didn't know any spells.

Dungeon Overview and Level Annotations

Branches:
Dungeon (4/15)
 Temple: D:4-7

Altars:
Elyvilon
Nemelex Xobeh
Qazlal
Trog
The Shining One


Innate Abilities, Weirdness & Mutations

Your plain brown scales are hard (AC +6).
Your body does not fit into most forms of armour.
You are cold-blooded and may be slowed by cold attacks.


Message History

The bat hits you but does no damage.
You barely miss the bat. You tail-slap the bat.
The bat is moderately wounded.
The bat closely misses you. The ogre closely misses you.
The bat hits you but does no damage. x2
The bat hits you but does no damage. x2
You sock the bat!
You kill the bat!
Lugonu accepts your kill.
You hit the ogre.
The ogre is lightly wounded.
The ogre hits you with a giant spiked club!
You hit the ogre but do no damage.
The ogre is lightly wounded.
The ogre hits you but does no damage.
You hit the ogre.
The ogre is moderately wounded.
The ogre hits you with a giant spiked club!!
Ouch! That really hurt!
You die...

####.###### #.#
......<...####.###
####.###.........# #.#
#.#######.# #.# #.# ###
#.############## ####.#
#.#######..............#
.....#
#.'.._..'†############.#
###### #.###.###O####### #.#
#.# #.# #@......# #.#
#.###+###.#####.# #.#
########.........#####.# #.#
.†....##.###[###.##....# #.#
#####.##..............<## #.#
#.####.####.........# #.# ###
#.# #.# #.#.....†.# #.# ..#
#.# ##.####.#.......#####.##
#.#
#.###...##..........[..##..##


You could see an ogre.

Vanquished Creatures
  A howler monkey (D:4)
  4 orc wizards
  Jessica (D:2)
  Natasha (thrice) (D:2)
  5 adders
  2 worms (D:2)
  2 dart slugs
  2 giant geckos
  9 orcs
  5 bats
  3 giant cockroaches
  10 goblins
  8 hobgoblins
  9 jackals
  6 kobolds
  A quokka (D:4)
  2 giant newts
  10 rats
83 creatures vanquished.

Vanquished Creatures (others)
  A giant newt (D:1)
  A goblin (D:1)
2 creatures vanquished.

Grand Total: 85 creatures vanquished

Notes
Turn   | Place    | Note
--------------------------------------------------------------
     0 | Abyss:1  | torvon the Draconian Abyssal Knight began the quest for the Orb.
     0 | Abyss:1  | Reached XP level 1. HP: 19/19 MP: 2/2
    12 | Abyss:1  | Found a roughly hewn altar of Beogh.
    72 | D:1      | Escaped the Abyss
   144 | D:1      | Reached * piety under Lugonu
   307 | D:1      | Reached XP level 2. HP: 22/26 MP: 3/3
   547 | D:1      | You fall through a shaft!
   676 | D:1      | Reached XP level 3. HP: 32/33 MP: 4/4
   890 | D:2      | Noticed Natasha
   907 | D:2      | Killed Natasha
  1189 | D:2      | Reached XP level 4. HP: 28/40 MP: 5/5
  1440 | D:2      | Reached ** piety under Lugonu
  1471 | D:2      | Noticed Natasha
  1479 | D:2      | Killed Natasha
  1847 | D:2      | Noticed Jessica
  1860 | D:2      | Killed Jessica
  2070 | D:2      | Reached XP level 5. HP: 39/46 MP: 5/7
  2075 | D:2      | Found a glowing golden altar of the Shining One.
  2241 | D:2      | Noticed Natasha
  2253 | D:2      | Killed Natasha
  2884 | D:3      | Found a white marble altar of Elyvilon.
  2884 | D:3      | Found a stormy altar of Qazlal.
  2981 | D:3      | Found a sparkling altar of Nemelex Xobeh.
  3110 | D:3      | Reached XP level 6. HP: 49/53 MP: 8/8
  3131 | D:3      | Reached *** piety under Lugonu
  3173 | D:3      | Found a bloodstained altar of Trog.
  3528 | D:3      | Mangled by an ogre

Skill      XL: |  1  2  3  4  5 |
---------------+----------------+-----
Fighting       | 4 |  4.6
Maces & Flails | 3 4 |  4.4
Dodging        | 3 |  3.5
Invocations    | 3 |  3.6
Stealth        | |  0.4

Action                   |  1- 3 |  4- 6 || total
-------------------------+-------+-------++-------
Melee: Mace              |    76 |   201 ||   277
       Tailslap          |     6 |    19 ||    25
Invok: Depart the Abyss  |     1 |       ||     1
  Use: Scroll            |     2 |     1 ||     3
 Stab: Sleeping          |     1 |       ||     1
  Eat: Meat ration       |     1 |       ||     1
       Bread ration      |       |     1 ||     1
Armor: Skin              |    28 |    82 ||   110
Dodge: Dodged            |    63 |   147 ||   210
Block: Buckler           |       |    21 ||    21
